Match 41095832
Unlisted
Match 41095832
End
Construct Infanterie Kompanie
Grenadier Squad
Kettenkrad Recon Vehicle
Grenadier Squad
Grenadier Squad
Selects Breakthrough Battlegroup
Selects Assault Grenadiers
Construct Panzergrenadier Kompanie
MG 42 Machine Gun Team
251 Medium Carrier
Selects Breakthrough
Pak 40 Anti-tank Gun Team
Pioneer Squad
MG 42 Machine Gun Team
Panzergrenadier Squad
Panzergrenadier Officer Quarters
Construct Panzer Kompanie
Selects Mechanized Assault Group
Selects Rapid Production
Pioneer Squad
Selects Blitzkrieg
Kettenkrad Recon Vehicle
Medical Station
Panzer IV Medium Tank
Pin0kyo
AtzePong
Monsieur Nathan
DangerouslyDumb
0
0
Comments sign in to comment!
No comments posted yet!